 Dungeon Crawl Stone Soup version 0.17-a0-81-g781747f (webtiles) character file.

2263291 Kaesh the Conqueror (level 27, 263/263 (273) HPs)
             Began as a Minotaur Berserker on Mar 14, 2015.
             Was the Champion of Trog.
             Escaped with the Orb
             ... and 4 runes on Mar 15, 2015!
             The game lasted 08:10:13 (79190 turns).

Kaesh the Conqueror (Minotaur Berserker)           Turns: 79190, Time: 08:10:14

HP:   263/263 (273) AC: 36    Str: 29    XL:     27
MP:   10/10         EV: 37    Int: 10    God:    Trog [******]
Gold: 10871         SH: 37    Dex: 27    Spells: 0 memorised, 26 levels left

rFire  + + .     SeeInvis .     O - +9 double sword (holy)
rCold  + + +     Clarity  .     C - quicksilver dragon armour of the Devil's Advocate {-Cast rPois MR+ Str+2 Slay+5}
rNeg   . . .     SustAb   .     T - +8 large shield {rC+ rF+}
rPois  +         Gourm    .     Q - +1 hat
rElec  +         Spirit   .     M - +2 cloak
rCorr  .         Warding  .     X - +3 pair of gloves of Eternity {rPois rC+ Int+6 Stlth-}
rMut   +         Stasis   .     y - +2 pair of boots {run}
MR     ++++.     NoCast   +     w - amulet of resist mutation
Stlth  ..........               u - ring "Qextuewi" {rElec rPois rF+ rC+ Dex+5}
                                Y - ring "Suopy" {+cTele rElec MR+ Dex+4}

@: quick, incredibly resistant to hostile enchantments, extremely unstealthy
A: retaliatory headbutt, horns 2
a: Burn Spellbooks, Berserk, Trog's Hand, Brothers in Arms, Renounce Religion,
Evoke Teleport Control
0: Orb of Zot
}: 4/15 runes: decaying, serpentine, silver, golden


You escaped.
You worshipped Trog.
Trog was exalted by your worship.
You were not hungry.

You visited 11 branches of the dungeon, and saw 61 of its levels.

You collected 13106 gold pieces.
You spent 2235 gold pieces at shops.

Inventory:

Hand weapons
 N - the +6 falchion "Denoz" {slice, rPois rC+}
   (Trog gifted it to you on level 3 of the Elven Halls)

   It inflicts extra damage upon your enemies.
   It protects you from cold.
   It protects you from poison.
 O - a +9 double sword of holy wrath (weapon)
 R - a +7 antimagic falchion
Armour
 a - the +3 shield "Gret" {+Inv rC- rN+++ Str+4}
   (You took it off Wiglaf on level 2 of the Elven Halls)

   It affects your strength (+4).
   It makes you vulnerable to cold.
   It renders you almost immune to negative energy.
   It lets you turn invisible.
 y - a +2 pair of boots of running (worn)
 C - the quicksilver dragon armour of the Devil's Advocate (worn) {-Cast rPois MR+ Str+2 Slay+5}
   (You bought it in a shop on level 15 of the Dungeon)

   It affects your strength (+2).
   It affects your accuracy and damage with ranged weapons and melee attacks
   (+5).
   It protects you from poison.
   It affects your resistance to hostile enchantments.
   It prevents spellcasting.
 J - a +1 shield of reflection
 M - a +2 cloak (worn)
 Q - a +1 hat (worn)
 T - a +8 large shield of resistance (worn)
 X - the +3 pair of gloves of Eternity (worn) {rPois rC+ Int+6 Stlth-}
   (You bought it in a shop on level 15 of the Dungeon)

   It affects your intelligence (+6).
   It protects you from cold.
   It protects you from poison.
   It makes you less stealthy.
Jewellery
 l - an uncursed amulet of clarity
 u - the ring "Qextuewi" (right hand) {rElec rPois rF+ rC+ Dex+5}
   (You found it on level 14 of the Dungeon)

   [ring of dexterity]

   It affects your dexterity (+5).
   It protects you from fire.
   It protects you from cold.
   It insulates you from electricity.
   It protects you from poison.
 w - an amulet of resist mutation (around neck)
 B - a cursed amulet of stasis
 Y - the ring "Suopy" (left hand) {+cTele rElec MR+ Dex+4}
   (You took it off a deep elf high priest on level 3 of the Elven Halls)

   [ring of teleport control]

   It can be evoked for teleport control.
   It affects your dexterity (+4).
   It insulates you from electricity.
   It affects your resistance to hostile enchantments.
Magical devices
 q - a wand of teleportation (2)
 K - a wand of confusion (12)
 P - a wand of digging (11)
Scrolls
 f - 15 scrolls of teleportation
 j - 5 scrolls of magic mapping
 k - 42 scrolls of identify
 m - 2 scrolls of silence
 n - 4 scrolls of fear
 p - 10 scrolls of recharging
 r - a scroll of enchant armour
 t - 2 scrolls of holy word
 x - 3 scrolls of enchant weapon
 A - 3 scrolls of brand weapon
 L - 9 scrolls of blinking
 S - 5 scrolls of remove curse
Potions
 b - 2 potions of cancellation
 e - 13 potions of restore abilities
 h - 30 potions of curing
 i - 2 potions of cure mutation
 o - 4 potions of invisibility
 s - 5 potions of flight
 z - 4 potions of might
 D - a potion of heal wounds
 H - 8 potions of haste
 I - 6 potions of agility
 Z - 3 potions of resistance
Comestibles
 c - 21 bread rations
 d - 5 slices of pizza
 g - 27 meat rations
 v - 10 beef jerkies
 F - 3 fruits
 W - 14 royal jellies


   Skills:
 O Level 27 Fighting
 + Level 26.5 Long Blades
 + Level 26.8 Armour
 + Level 24.7 Dodging
 + Level 26.4 Shields


You had 26 spell levels left.
You didn't know any spells.

Dungeon Overview and Level Annotations

Branches:
Dungeon (15/15)            Temple (0/1) D:4            Lair (8/8) D:10
  Swamp (5/5) Lair:5        Snake (5/5) Lair:4        Slime (0/6) Lair:7
    Orc (4/4) D:10            Elf (3/3) Orc:4        Vaults (5/5) D:14
  Crypt (3/3) Vaults:3       Tomb (3/3) Crypt:3      Depths (5/5) D:15
    Zot (5/5) Depths:5

Altars:
Dithmenos
Elyvilon
Gozag
Nemelex Xobeh
Okawaru
Qazlal
Ru
Sif Muna
Vehumet
Yredelemnul
Zin
The Shining One
Beogh

Shops:
D:5 (   D:15 [   Orc:1 }   Orc:4 %=%[   Snake:4 ?   Depths:4 (([

Portals:
Hell: Depths:1 Depths:2 Depths:3 Depths:4 Depths:5
Abyss: Depths:2 Depths:4 Depths:5
Pandemonium: Depths:3 Depths:5
Ziggurat: Depths:4


Innate Abilities, Weirdness & Mutations

You reflexively headbutt those who attack you in melee.
You have a pair of horns on your head.


Message History

You sense a powerful magical force warping space.
There is an escape hatch in the ceiling here.
A mysterious force pulls you upwards. The hatch slams shut behind you.
The goblin shouts!
You sense a powerful magical force warping space.
You block the goblin's attack.
You barely miss the goblin. You headbutt the goblin.
You kill the goblin!
Trog accepts your kill.
Things that are here:
a club; a trident; a goblin corpse
There is a stone staircase leading up here.
You climb upwards.
You sense a powerful magical force warping space.
There is a stone staircase leading down here.
You see here a short sword.
There is an open door here.
There is a staircase leading out of the dungeon here.
There is a staircase leading out of the dungeon here.
You have escaped!

.).#.##.### ##.# ### #.#
.....##.###########.##### #.#
..#..##.##..............# #.#
##...##.##..............#####.#
##..##.##..##'#######..##....# #
###..##.##..#........#..##.######
.....##.##..+........#.....###...
.##..##.##..#........#..##.##....
.##.###.##..#...@....#..##.##....
.#...##.##..#........#..##......)
...#........#........'..##.###...
##...#####..#........#..##.####.#
.##.## #..#######'##..##.##....
.##.# #..............##.......
....######..............#####..##
.......[######.########## #..#
....###.# #.# ### ###..##


There were no monsters in sight!

Vanquished Creatures
  A pandemonium lord (D:11)
  Khufu (Tomb:3)
  5 orbs of fire
  7 ancient liches
  28 greater mummies
  Sojobo (Depths:2)
  Saint Roka (Orc:4)
  A curse toe (Zot:5)
  A caustic shrike (Depths:3)
  3 Killer Klowns (Zot:5)
  14 golden dragons
  Jory (Depths:4)
  3 bone dragons
  the Enchantress (Depths:2)
  8 liches
  Nikola (Elf:3)
  3 electric golems
  19 tentacled monstrosities
  3 deep elf master archers (Elf:3)
  2 deep elf blademasters (Elf:3)
  25 Orb Guardians (Zot:5)
  Asterion (Depths:2)
  2 quicksilver dragons (Vaults:5)
  5 titans
  A sphinx (shapeshifter) (Depths:5)
  2 thorn hunters (Swamp:5)
  15 sphinxes
  An Executioner (Vaults:4)
  13 storm dragons
  11 tengu reavers
  3 revenants (Tomb:1)
  12 ancient champions
  Frances (Snake:4)
  5 shadow dragons
  5 draconian monks
  12 fire giants
  Donald (Snake:2)
  7 greater nagas
  Wiglaf (Elf:2)
  7 emperor scorpions
  17 vault wardens
  7 frost giants
  9 deep elf sorcerers
  3 draconian scorchers
  Aizul (Snake:1)
  2 orc warlords (Vaults:5)
  A balrug (Depths:1)
  A cacodemon (Zot:4)
  2 draconian knights (Zot:4)
  3 ghost moths
  18 ironheart preservers
  6 reapers
  6 ghouls
  6 spriggan defenders
  5 draconian shifters
  A war gargoyle (Vaults:5)
  16 very ugly things
  3 draconian annihilators
  3 draconian callers
  5 black draconians
  15 stone giants
  4 grey draconians
  8 deep elf demonologists
  10 bennus
  5 green draconians
  2 vampire knights
  2 lorocyprocas
  3 mottled draconians
  3 yellow draconians
  5 dire elephants
  6 white draconians
  8 deep elf annihilators
  3 purple draconians
  7 pale draconians
  4 red draconians
  11 ettins
  4 eidola
  3 unborn
  2 crystal guardians (Vaults:3)
  Snorg (Snake:5)
  6 deep elf high priests
  A green death (Depths:1)
  3 jiangshi
  22 mummy priests
  8 deep elf death magi
  35 vault guards
  2 minotaurs
  9 great orbs of eyes
  13 fire dragons
  16 yaktaur captains
  Fannar (Lair:4)
  8 death cobs
  Harold (Lair:4)
  14 naga warriors
  A quicksilver dragon skeleton (Crypt:3)
  25 hydras
  A catoblepas (Lair:8)
  3 spriggan air magi
  A rakshasa (Depths:1)
  18 ice dragons
  9 anacondas
  17 dancing weapons
  7 deep troll earth magi
  6 centaur warriors
  2 death knights
  8 orc high priests
  12 ogre magi
  11 deep troll shamans
  A tengu warrior (Depths:1)
  6 spriggan berserkers
  The ghost of Kaesh the Blocker, an experienced FoFi of Cheibriados (D:7)
  4 vampire magi
  7 death yaks (Depths:3)
  7 alligators
  10 naga sharpshooters
  6 shock serpents
  3 titan zombies
  3 shadow wraiths
  A titan skeleton (Tomb:2)
  21 deep elf knights
  22 spriggans
  4 salamander mystics
  63 skeletal warriors
  14 soul eaters
  2 golden dragon zombies
  11 hell knights
  6 iron trolls
  A sun demon (Tomb:2)
  14 death scarabs
  11 swamp dragons
  A hill giant (shapeshifter) (Vaults:5)
  3 unseen horrors (Depths:2)
  38 deep trolls
  6 flayed ghosts
  4 giant orange brains
  A torturous demonspawn (Zot:5)
  2 storm dragon skeletons
  A fire crab (Vaults:3)
  10 deep elf summoners
  45 anubis guards
  8 naga ritualists
  An obsidian statue (Depths:1)
  A harpy (Vaults:1)
  3 tengu zombies
  A shadow dragon zombie (Depths:3)
  4 shambling mangroves
  21 ironbrand convokers
  4 hill giants
  15 necromancers
  7 griffons
  A spectral ice dragon (Crypt:2)
  57 ugly things
  A salamander (shapeshifter) (Depths:1)
  10 orc knights
  5 wolf spiders
  A lindwurm (shapeshifter) (Vaults:2)
  A deathcap (Zot:5)
  5 hornets
  9 mana vipers
  A frost giant zombie (Depths:1)
  A sphinx zombie (Crypt:1)
  13 salamanders
  18 phantasmal warriors
  17 deep elf conjurers
  2 manticores
  43 black mambas
  9 orc sorcerers
  A fire giant zombie (Depths:3)
  29 moths of wrath
  An oklob plant (Lair:8)
  7 wizards
  2 iron dragon skeletons
  A spectral fire dragon (Crypt:2)
  3 stone giant skeletons
  21 naga magi
  7 elephants
  An octopode (shapeshifter) (Vaults:3)
  A dire elephant zombie (Tomb:1)
  6 frost giant skeletons
  A storm dragon simulacrum (Tomb:3)
  4 rust devils
  6 sixfirhies
  6 guardian serpents
  2 centaur zombies
  4 torpor snails
  14 vault sentinels
  A queen ant (Lair:5)
  2 fire giant skeletons
  A gargoyle (D:14)
  3 orange demons
  22 spiny frogs
  A titan simulacrum (Crypt:2)
  2 cyclopes
  An iron troll zombie (Crypt:2)
  A yaktaur zombie (Vaults:4)
  An anaconda simulacrum (Crypt:2)
  A shock serpent skeleton (Tomb:2)
  A hellion (Elf:3)
  A demonic crawler (Vaults:2)
  A red draconian zombie (Crypt:1)
  2 human zombies
  A tormentor (Elf:3)
  5 komodo dragons
  6 fire drakes
  A golden dragon simulacrum (Crypt:2)
  A tengu conjurer (Depths:1)
  29 yaktaurs
  A hellwing (Depths:1)
  A mottled draconian skeleton (Crypt:1)
  3 spriggan druids
  3 blue devils
  41 guardian mummies
  2 yaktaur skeletons
  11 trolls
  A wolf spider simulacrum (Crypt:2)
  A minotaur zombie (Depths:1)
  A purple draconian skeleton (Crypt:1)
  5 freezing wraiths
  A queen bee (shapeshifter) (Depths:5)
  2 silent spectres
  4 polar bears (shapeshifter)
  4 red devils
  A spriggan skeleton (Depths:1)
  A wind drake (shapeshifter) (Depths:5)
  2 efreet
  19 deep elf priests
  20 two-headed ogres
  A merfolk (D:10)
  A queen bee (Lair:6)
  2 blink frogs (shapeshifter)
  10 polar bears
  A two-headed ogre (shapeshifter) (D:13)
  4 baby alligators
  A boulder beetle (shapeshifter) (Depths:4)
  A death drake skeleton (Crypt:1)
  6 giant leeches
  2 hydra skeletons
  6 bog bodies
  12 ravens
  A raven (shapeshifter) (D:14)
  7 boulder beetles
  2 ettin zombies
  A basilisk (shapeshifter) (Depths:3)
  2 fire dragon zombies
  18 ushabtiu
  8 blink frogs
  2 trapdoor spiders
  2 trapdoor spiders (shapeshifter)
  51 flying skulls
  4 basilisks
  39 slime creatures
  2 tarantellas (Vaults:2)
  4 redbacks (Lair:8)
  2 ice dragon skeletons (Crypt:3)
  A snapping turtle (Tomb:1)
  43 yaks
  3 fire dragon skeletons
  8 large abominations
  2 ettin skeletons
  A human (D:2)
  5 water elementals
  13 shadows
  2 black mamba skeletons (Crypt:3)
  A golden eye (shapeshifter) (Vaults:1)
  4 vampires
  Eustachio (D:10)
  2 steam dragons
  24 deep elf magi
  4 hungry ghosts
  A dire elephant simulacrum (Crypt:1)
  13 wraiths
  A hippogriff (shapeshifter) (Vaults:2)
  Grum (D:8)
  2 wyverns
  9 hippogriffs
  4 small abominations
  36 deep elf fighters
  A yaktaur simulacrum (Vaults:2)
  30 vampire mosquitoes
  27 wolves
  26 swamp worms
  A hydra simulacrum (Crypt:1)
  A steam dragon (shapeshifter) (Depths:4)
  7 chaos spawn
  Edmund (Orc:1)
  3 insubstantial wisps (Swamp:4)
  5 mottled dragons
  74 nagas
  Menkaure (D:6)
  10 wargs
  45 water moccasins
  10 porcupines
  A soldier ant (shapeshifter) (D:13)
  5 soldier ants (Lair:5)
  An infernal demonspawn skeleton (Crypt:3)
  A porcupine (shapeshifter) (Vaults:2)
  A faun skeleton (Crypt:3)
  3 ice beasts
  4 phantoms
  A dwarf (shapeshifter) (Vaults:3)
  53 orc warriors
  4 sky beasts
  7 black bears
  22 swamp drakes
  A black bear (shapeshifter) (Vaults:5)
  2 spriggan simulacra
  6 boggarts
  14 wasps
  A snapping turtle skeleton (Crypt:3)
  An ettin simulacrum (Crypt:1)
  A hog zombie (Crypt:1)
  67 ogres
  16 centaurs
  3 manticore skeletons
  3 necrophages
  Sigmund (D:4)
  2 brain worms
  2 fire crab zombies (Crypt:3)
  18 crocodiles
  27 giant frogs
  A big kobold (D:10)
  4 elf zombies
  2 glowing shapeshifter simulacra
  A dryad skeleton (Crypt:2)
  6 scorpions
  A wyvern skeleton (D:13)
  30 killer bees
  A troll zombie (Crypt:2)
  A raiju zombie (Crypt:3)
  A raiju skeleton (Crypt:2)
  A snapping turtle simulacrum (Crypt:1)
  6 wights
  11 crimson imps
  6 electric eels
  4 goliath beetles
  2 giant frog zombies
  4 centaur skeletons
  6 jellies
  A quasit (Depths:3)
  39 orc priests
  10 iguanas
  5 giant frog skeletons
  29 orc wizards
  9 hounds
  30 worker ants
  A basilisk skeleton (Crypt:1)
  3 iron imps (Depths:1)
  3 human skeletons
  26 sheep
  A felid skeleton (Crypt:2)
  A naga skeleton (Crypt:3)
  2 hound zombies
  56 mummies
  2 worker ant zombies
  17 adders
  10 gnolls
  55 river rats
  6 shadow imps
  An ufetubus (Snake:4)
  A worm (D:3)
  2 adder skeletons
  An adder zombie (D:5)
  7 giant geckos
  341 orcs
  7 ball pythons
  13 bats
  3 giant cockroaches
  28 hobgoblins
  An ooze (D:2)
  15 quokkas
  A ball python zombie (Crypt:3)
  A giant cockroach zombie (D:5)
  2 giant gecko skeletons (D:6)
  A giant gecko zombie (D:9)
  2 giant newts
  34 goblins
  A goblin skeleton (Crypt:2)
  19 kobolds
  3 kobold skeletons
  3 orc zombies
  2 quokka skeletons
  17 rats
  2 crawling corpses
  A fungus (Lair:8)
3414 creatures vanquished.

Vanquished Creatures (others)
  A deep elf master archer (Elf:3)
  A sphinx (Tomb:1)
  A storm dragon (Zot:5)
  A stone giant (Vaults:5)
  A deep elf death mage (Elf:3)
  A yaktaur captain (Vaults:4)
  A naga sharpshooter (Snake:4)
  A skeletal warrior (Tomb:2)
  A flayed ghost (Depths:1)
  A ghost moth zombie (Tomb:2)
  4 death scarabs (Tomb:2)
  A deep elf conjurer (Elf:2)
  A fire drake (Zot:5)
  A tengu conjurer (Depths:2)
  2 guardian mummies (Tomb:2)
  7 yaktaurs
  A raven (Swamp:5)
  A fire dragon zombie (Tomb:2)
  A deep elf mage (Elf:3)
  4 flying skulls (Tomb:2)
  An orc warrior (Vaults:2)
  2 boggarts (Depths:1)
  9 lost souls
  2 orc wizards (Orc:4)
  4 mummies
  4 orcs
  A briar patch (Swamp:5)
  5 fungi
  A singularity (D:11)
62 creatures vanquished.

Grand Total: 3476 creatures vanquished

Notes
Turn   | Place    | Note
--------------------------------------------------------------
     0 | D:1      | Kaesh, the Minotaur Berserker, began the quest for the Orb.
     0 | D:1      | Reached XP level 1. HP: 19/19 MP: 1/1
   142 | D:1      | Reached XP level 2. HP: 20/27 MP: 1/1
   844 | D:2      | Reached XP level 3. HP: 33/33 MP: 2/2
   863 | D:2      | Acquired Trog's second power
   871 | D:2      | Found a runed door.
   872 | D:2      | Noticed a human
   873 | D:2      | Found a basalt altar of Yredelemnul.
   878 | D:2      | Reached skill level 4 in Fighting
  1015 | D:2      | Killed a human
  1015 | D:2      | Reached XP level 4. HP: 16/41 MP: 2/2
  1015 | D:2      | Reached XP level 5. HP: 18/47 MP: 2/2
  1690 | D:3      | Reached skill level 5 in Fighting
  2057 | D:3      | Reached XP level 6. HP: 56/56 MP: 3/3
  2883 | D:4      | Noticed Sigmund
  2889 | D:4      | Killed Sigmund
  2891 | D:4      | Reached skill level 5 in Long Blades
  2972 | D:4      | Found a sacrificial altar of Ru.
  2997 | D:4      | Found a radiant altar of Vehumet.
  3026 | D:4      | Found an iron altar of Okawaru.
  3026 | D:4      | Found a deep blue altar of Sif Muna.
  3027 | D:4      | Found a shadowy altar of Dithmenos.
  3253 | D:4      | Got a bloodstained rapier
  3254 | D:4      | Identified the +0 rapier "Zeceto" {holy, rElec Str+2} (You found it on level 4 of the Dungeon)
  3279 | D:4      | Reached skill level 5 in Armour
  3616 | D:4      | Reached skill level 6 in Fighting
  3616 | D:4      | Reached XP level 7. HP: 44/63 MP: 3/3
  3778 | D:4      | Found a staircase to the Ecumenical Temple.
  4053 | D:5      | Entered Level 5 of the Dungeon
  4116 | D:5      | Found Schaec's Weapon Shop.
  4173 | D:5      | Reached skill level 5 in Dodging
  4407 | D:5      | Found a sparkling altar of Nemelex Xobeh.
  4808 | D:6      | Reached skill level 7 in Fighting
  4808 | D:6      | Reached XP level 8. HP: 34/73 MP: 3/3
  5700 | D:6      | Acquired Trog's third power
  5706 | D:6      | Reached skill level 8 in Fighting
  6008 | D:6      | Reached XP level 9. HP: 79/81 MP: 4/4
  6126 | D:6      | Noticed Menkaure
  6134 | D:6      | Killed Menkaure
  6642 | D:7      | Noticed Kaesh's ghost (experienced FoFi)
  6650 | D:7      | Killed Kaesh's ghost
  6650 | D:7      | Reached skill level 9 in Fighting
  6743 | D:7      | Found an opulent altar of Gozag.
  6755 | D:7      | Found a glowing silver altar of Zin.
  7158 | D:8      | Noticed Grum
  7179 | D:8      | Killed Grum
  7181 | D:8      | Reached XP level 10. HP: 59/92 MP: 4/4
  8122 | D:8      | Reached skill level 10 in Fighting
  9049 | D:9      | Reached skill level 1 in Shields
  9246 | D:9      | Reached skill level 5 in Shields
  9567 | D:10     | Entered Level 10 of the Dungeon
  9868 | D:10     | Found a staircase to the Orcish Mines.
  9918 | D:10     | Got a spiked leather armour
  9934 | D:10     | Identified the +0 leather armour of the Grue {Dex+8} (You found it on level 10 of the Dungeon)
  9958 | D:10     | Noticed Eustachio
  9973 | D:10     | Killed Eustachio
  9995 | D:10     | Found a staircase to the Lair.
  9995 | D:10     | Noticed an elephant
 10018 | D:10     | Killed an elephant
 10018 | D:10     | Reached XP level 11. HP: 91/101 MP: 4/4
 10187 | D:10     | Received a gift from Trog
 10232 | D:10     | Noticed a wizard
 10241 | D:10     | Killed a wizard
 10657 | Lair:1   | Entered Level 1 of the Lair of Beasts
 10989 | Lair:1   | Reached skill level 10 in Long Blades
 10991 | Lair:1   | Reached skill level 10 in Armour
 10998 | Lair:1   | Received a gift from Trog
 10998 | Lair:1   | Reached skill level 10 in Shields
 11748 | Lair:2   | Noticed a six-headed hydra
 11768 | Lair:2   | Killed a six-headed hydra
 11768 | Lair:2   | Reached skill level 11 in Fighting
 12616 | Lair:2   | Reached XP level 12. HP: 94/110 MP: 1/5
 13327 | Lair:3   | Reached skill level 10 in Dodging
 13763 | Lair:4   | Noticed Fannar
 13840 | Lair:4   | Received a gift from Trog
 13902 | Lair:4   | Killed Fannar
 13964 | Lair:4   | Noticed Harold
 13981 | Lair:4   | Killed Harold
 14079 | Lair:4   | Found a staircase to the Snake Pit.
 14190 | Lair:4   | Reached skill level 12 in Fighting
 14981 | Lair:5   | Received a gift from Trog
 15052 | Lair:5   | Noticed a five-headed hydra
 15066 | Lair:5   | Killed a five-headed hydra
 15496 | Lair:5   | Reached XP level 13. HP: 119/119 MP: 1/5
 15500 | Lair:5   | Found a staircase to the Swamp.
 15920 | Lair:5   | Received a gift from Trog
 17145 | Lair:6   | Received a gift from Trog
 17381 | Lair:6   | Reached skill level 13 in Fighting
 17820 | Lair:7   | Received a gift from Trog
 18215 | Lair:7   | Found a staircase to the Slime Pits.
 18426 | Lair:8   | Entered Level 8 of the Lair of Beasts
 18956 | Lair:8   | Got a pearl-encrusted scale mail
 18967 | Lair:8   | Identified the +6 scale mail of Gehenna {rC+} (You found it on level 8 of the Lair of Beasts)
 19088 | Lair:8   | Received a gift from Trog
 19194 | Lair:8   | Reached XP level 14. HP: 96/130 MP: 1/5
 20838 | Orc:1    | Entered Level 1 of the Orcish Mines
 21035 | Orc:1    | Found Qix Ibb's Quality Used Wands.
 21038 | Orc:1    | Noticed Edmund
 21047 | Orc:1    | Killed Edmund
 21070 | Orc:1    | Reached skill level 14 in Fighting
 21830 | Orc:2    | Received a gift from Trog
 22181 | Orc:3    | Found a white marble altar of Elyvilon.
 22475 | Orc:3    | Received a gift from Trog
 22753 | Orc:4    | Entered Level 4 of the Orcish Mines
 23530 | Orc:4    | Received a gift from Trog
 24087 | Orc:4    | Found a staircase to the Elven Halls.
 24165 | Orc:4    | Noticed Saint Roka
 24205 | Orc:4    | Killed Saint Roka
 24557 | Orc:4    | Received a gift from Trog
 24627 | Orc:4    | Found Sielicvu's Jewellery Shoppe.
 24699 | Orc:4    | Found a roughly hewn altar of Beogh.
 24715 | Orc:4    | Found Uzapsir's Food Emporium.
 24853 | Orc:4    | Received a gift from Trog
 24989 | Orc:4    | Found a roughly hewn altar of Beogh.
 25017 | Orc:4    | Found Ekaekhla's Antique Armour Emporium.
 25028 | Orc:4    | Found Kuvidoip's Food Shoppe.
 25563 | D:11     | Received a gift from Trog
 25668 | D:11     | Found an iron altar of Okawaru.
 25730 | D:11     | Found a stormy altar of Qazlal.
 26188 | D:11     | Identified a scroll of acquirement
 26392 | D:12     | Reached XP level 15. HP: 80/139 MP: 6/6
 26726 | D:12     | Gained mutation: You have a somewhat thin skeletal structure (Dex +2, Stealth). [potion of mutation]
 26726 | D:12     | Gained mutation: You are robust (+10% HP). [potion of mutation]
 26726 | D:12     | Gained mutation: You have sharp toenails. [potion of mutation]
 27153 | D:12     | Received a gift from Trog
 27319 | D:12     | Reached skill level 15 in Fighting
 27780 | D:13     | Received a gift from Trog
 27997 | D:14     | Paralysed by something for 6 turns
 28374 | D:14     | Got a vibrating amber ring
 28376 | D:14     | Identified the ring "Qextuewi" {rElec rPois rF+ rC+ Dex+5} (You found it on level 14 of the Dungeon)
 28807 | D:14     | Found a gate to the Vaults.
 28870 | D:15     | Entered Level 15 of the Dungeon
 28913 | D:15     | Received a gift from Trog
 29162 | D:15     | Found a staircase to the Depths.
 29274 | D:15     | Found Gruxalan's Armour Emporium.
 29308 | D:15     | Bought the quicksilver dragon armour of the Devil's Advocate {-Cast rPois MR+ Str+2 Slay+5} for 1251 gold pieces
 29308 | D:15     | Bought the +3 pair of gloves of Eternity {rPois rC+ Int+6 Stlth-} for 684 gold pieces
 30394 | Snake:1  | Entered Level 1 of the Snake Pit
 30543 | Snake:1  | Noticed Aizul
 30556 | Snake:1  | Killed Aizul
 30556 | Snake:1  | Reached skill level 15 in Long Blades
 30556 | Snake:1  | Reached skill level 15 in Armour
 30648 | Snake:1  | Received a gift from Trog
 30870 | Snake:1  | Reached skill level 15 in Shields
 31317 | Snake:2  | Reached XP level 16. HP: 166/166 MP: 6/6
 31596 | Snake:2  | Reached skill level 16 in Fighting
 31732 | Snake:2  | Noticed Donald
 31743 | Snake:2  | Killed Donald
 31819 | Snake:2  | Found a glowing golden altar of the Shining One.
 32164 | Snake:2  | Lost mutation: You are robust (+10% HP). [potion of cure mutation]
 32164 | Snake:2  | Lost mutation: You have sharp toenails. [potion of cure mutation]
 32164 | Snake:2  | Lost mutation: You have a somewhat thin skeletal structure (Dex +2, Stealth). [potion of cure mutation]
 32292 | Snake:3  | Received a gift from Trog
 33221 | Snake:4  | Received a gift from Trog
 33252 | Snake:4  | Noticed Frances
 33265 | Snake:4  | Killed Frances
 33415 | Snake:4  | Found Fieceaq's Magic Scroll Shoppe.
 34052 | Snake:4  | Reached skill level 15 in Dodging
 34249 | Snake:5  | Entered Level 5 of the Snake Pit
 34265 | Snake:5  | Received a gift from Trog
 34445 | Snake:5  | Reached XP level 17. HP: 136/160 MP: 6/6
 34870 | Snake:5  | Reached skill level 17 in Fighting
 34923 | Snake:5  | Received a gift from Trog
 35233 | Snake:5  | Got a serpentine rune of Zot
 35354 | Snake:5  | Noticed Snorg
 35359 | Snake:5  | Killed Snorg
 36212 | Orc:4    | Bought an uncursed amulet of clarity for 300 gold pieces
 36513 | Swamp:1  | Entered Level 1 of the Swamp
 36572 | Swamp:1  | Received a gift from Trog
 37573 | Swamp:2  | Received a gift from Trog
 38681 | Swamp:4  | Received a gift from Trog
 38871 | Swamp:4  | Reached XP level 18. HP: 130/171 MP: 7/7
 38898 | Swamp:4  | Got a transparent chain mail
 38932 | Swamp:4  | Identified the +7 chain mail "Temed" {MR++ Slay-2} (You found it on level 4 of the Swamp)
 39342 | Swamp:5  | Entered Level 5 of the Swamp
 39564 | Swamp:5  | Received a gift from Trog
 39594 | Swamp:5  | Reached skill level 18 in Fighting
 39665 | Swamp:5  | Got a decaying rune of Zot
 40066 | Swamp:4  | Received a gift from Trog
 40524 | Elf:1    | Entered Level 1 of the Elven Halls
 41328 | Elf:2    | Noticed Wiglaf
 41350 | Elf:2    | Killed Wiglaf
 41398 | Elf:2    | Got a steaming shield
 41414 | Elf:2    | Identified the +3 shield "Gret" {+Inv rC- rN+++ Str+4} (You took it off Wiglaf on level 2 of the Elven Halls)
 41471 | Elf:2    | Identified a +1 pair of boots of running (You acquired it on level 2 of the Elven Halls)
 41477 | Elf:2    | Received a gift from Trog
 41948 | Elf:2    | Received a gift from Trog
 42034 | Elf:2    | Found a runed gate.
 42036 | Elf:2    | Found a runed gate.
 42036 | Elf:2    | Found a runed gate.
 42103 | Elf:2    | Found a runed door.
 42136 | Elf:2    | Received a gift from Trog
 42618 | Elf:3    | Entered Level 3 of the Elven Halls
 42662 | Elf:3    | Reached XP level 19. HP: 180/180 MP: 2/7
 42885 | Elf:3    | Got a distressingly furry scale mail
 42897 | Elf:3    | Identified the +4 scale mail of Rationality {+Blink Str+5} (You found it on level 3 of the Elven Halls)
 43182 | Elf:3    | Received a gift from Trog
 43246 | Elf:3    | HP: 8/181 [deep elf master archer/arrow (23)]
 43247 | Elf:3    | HP: 2/181 [deep elf master archer/arrow (7)]
 43466 | Elf:3    | Got a dazzling falchion {god gift}
 43580 | Elf:3    | Identified the +6 falchion "Denoz" {slice, rPois rC+} (Trog gifted it to you on level 3 of the Elven Halls)
 43734 | Elf:3    | Noticed Nikola
 43737 | Elf:3    | Reached skill level 19 in Fighting
 43749 | Elf:3    | Killed Nikola
 43751 | Elf:3    | Got a crude copper ring
 43803 | Elf:3    | Got a transparent pewter ring
 43810 | Elf:3    | Identified the ring "Umirec" {+Inv +Fly rPois rC+ Str-5} (You found it on level 3 of the Elven Halls)
 43815 | Elf:3    | Identified the ring "Suopy" {+cTele rElec MR+ Dex+4} (You took it off a deep elf high priest on level 3 of the Elven Halls)
 43929 | Elf:3    | Got a heavily runed ring mail
 43940 | Elf:3    | Identified the +2 ring mail "Blaetu" {rF- rC+ MR+ Dex+4} (You found it on level 3 of the Elven Halls)
 44381 | Vaults:1 | Entered Level 1 of the Vaults
 44554 | Vaults:1 | Received a gift from Trog
 44989 | Vaults:1 | Received a gift from Trog
 45371 | Vaults:2 | Reached XP level 20. HP: 173/191 MP: 7/7
 45820 | Vaults:2 | Received a gift from Trog
 46593 | Vaults:2 | Received a gift from Trog
 47013 | Depths:1 | Entered Level 1 of the Depths
 47114 | Depths:1 | Noticed a golden dragon
 47126 | Depths:1 | Killed a golden dragon
 47333 | Depths:1 | Found a gateway to Hell.
 47501 | Depths:1 | Reached skill level 20 in Fighting
 48211 | Depths:1 | Received a gift from Trog
 48339 | Depths:2 | Reached XP level 21. HP: 174/201 MP: 8/8
 48488 | Depths:2 | Noticed the Enchantress
 48550 | Depths:2 | Killed the Enchantress
 48745 | Depths:2 | Got a faerie dragon armour
 49052 | Depths:2 | Identified the +0 faerie dragon armour {HP+5 MP+6 Stlth+} (You took it off the Enchantress on level 2 of the Depths)
 49432 | Depths:2 | Noticed Asterion
 49445 | Depths:2 | Killed Asterion
 49825 | Depths:2 | Got a pair of dazzling gloves
 49966 | Depths:2 | Identified the cursed +0 pair of gloves of Mol Rek {Str+4 Int+2} (You found it on level 2 of the Depths)
 49989 | Depths:2 | Noticed Sojobo
 50000 | Depths:2 | Received a gift from Trog
 50011 | Depths:2 | Killed Sojobo
 50108 | Depths:2 | Found a one-way gate to the infinite horrors of the Abyss.
 50647 | Depths:3 | Received a gift from Trog
 50900 | Depths:3 | Found a one-way gate leading to the halls of Pandemonium.
 51075 | Depths:3 | Reached skill level 21 in Fighting
 51195 | Depths:3 | Noticed a caustic shrike
 51200 | Depths:3 | Killed a caustic shrike
 51200 | Depths:3 | Reached XP level 22. HP: 213/213 MP: 8/8
 51877 | Depths:4 | Noticed Jory
 51889 | Depths:4 | Killed Jory
 51937 | Depths:4 | Found Gozag's Antique Armour Shop.
 52049 | Depths:4 | Received a gift from Trog
 52140 | Depths:4 | Found an opulent altar of Gozag.
 52143 | Depths:4 | Found Gozag's Antique Weapon Shop.
 52155 | Depths:4 | Found Gozag's Antique Weapon Boutique.
 52412 | Depths:4 | Got a fine chain mail
 52428 | Depths:4 | Identified the cursed +0 chain mail of Otopti {+Inv MP+9 Str-3 Int+2} (You found it on level 4 of the Depths)
 52445 | Depths:4 | Found a gateway to a ziggurat.
 52953 | Depths:5 | Entered Level 5 of the Depths
 53021 | Depths:5 | Found an iron altar of Okawaru.
 53376 | Depths:5 | Found a gate to the Realm of Zot.
 53476 | Depths:5 | Received a gift from Trog
 54468 | Vaults:3 | Got a warped leather armour
 54479 | Vaults:3 | Identified the cursed +1 leather armour of Courage {rN+} (You found it on level 3 of the Vaults)
 54557 | Vaults:3 | Reached XP level 23. HP: 222/222 MP: 8/8
 54670 | Vaults:3 | Received a gift from Trog
 54988 | Vaults:3 | Received a gift from Trog
 55250 | Vaults:3 | Reached skill level 22 in Fighting
 55430 | Vaults:3 | Found a staircase to the Crypt.
 55473 | Vaults:3 | Received a gift from Trog
 55869 | Vaults:4 | Received a gift from Trog
 56808 | Vaults:4 | Upgraded the game from 0.17-a0-77-gee7a2f2 to 0.17-a0-81-g781747f
 56957 | Vaults:5 | Entered Level 5 of the Vaults
 57109 | Vaults:4 | Received a gift from Trog
 57742 | Vaults:5 | Reached XP level 24. HP: 201/233 MP: 9/9
 57826 | Vaults:5 | Received a gift from Trog
 58072 | Vaults:5 | Noticed an ancient lich
 58082 | Vaults:5 | Killed an ancient lich
 58265 | Vaults:5 | Got a silver rune of Zot
 58470 | Vaults:5 | Received a gift from Trog
 59082 | Vaults:5 | Reached skill level 23 in Fighting
 59215 | Vaults:5 | Received a gift from Trog
 59384 | Vaults:5 | Got a pitted leather armour
 59395 | Vaults:5 | Identified the +0 leather armour of Shim {rN+ Dex+3} (You found it on level 5 of the Vaults)
 59951 | Crypt:1  | Entered Level 1 of the Crypt
 60747 | Crypt:2  | Reached XP level 25. HP: 243/243 MP: 9/9
 61482 | Crypt:3  | Entered Level 3 of the Crypt
 61523 | Crypt:3  | Found a staircase to the Tomb.
 62036 | Crypt:3  | Found a basalt altar of Yredelemnul.
 62309 | Crypt:3  | Noticed an ancient lich
 62326 | Crypt:3  | Killed an ancient lich
 62880 | Tomb:1   | Entered Level 1 of the Tomb of the Ancients
 63382 | Tomb:1   | Received a gift from Trog
 63861 | Tomb:1   | Reached skill level 24 in Fighting
 63969 | Tomb:1   | Got a faintly glowing turquoise ring
 65310 | Tomb:1   | Reached XP level 26. HP: 77/252 MP: 9/9
 68631 | Tomb:1   | Received a gift from Trog
 69106 | Tomb:3   | Entered Level 3 of the Tomb of the Ancients
 70069 | Tomb:2   | Reached XP level 27. HP: 222/232 MP: 10/10
 70229 | Tomb:2   | Reached skill level 25 in Fighting
 70665 | Tomb:3   | Noticed an ancient lich
 70671 | Tomb:3   | Killed an ancient lich
 71139 | Tomb:3   | Got a golden rune of Zot
 71368 | Tomb:3   | Noticed Khufu
 71383 | Tomb:3   | Killed Khufu
 71898 | Tomb:3   | Identified the cursed ring "Naxkaet" {MP+9 EV+3} (You took it off a mummy priest on level 1 of the Tomb of the Ancients)
 71905 | Tomb:3   | Got a heavily runed wooden ring
 71948 | Tomb:3   | Identified the cursed ring "Eddodd" {rN+ MP+9 Int-2 Dex+2} (You found it on level 3 of the Tomb of the Ancients)
 73453 | Zot:1    | Entered Level 1 of the Realm of Zot
 73587 | Zot:1    | Noticed an orb of fire
 73605 | Zot:1    | Killed an orb of fire
 73746 | Zot:1    | Received a gift from Trog
 73774 | Zot:1    | Got an ancient plate armour
 73781 | Zot:1    | Got a faintly glowing falchion
 73782 | Zot:1    | Identified the +4 falchion of Atauw {venom, rElec} (You found it on level 1 of the Realm of Zot)
 73795 | Zot:1    | Identified the cursed +0 plate armour of Omission {+Fly rN+} (You found it on level 1 of the Realm of Zot)
 76069 | Zot:4    | Received a gift from Trog
 76094 | Zot:4    | Reached skill level 26 in Fighting
 76771 | Zot:5    | Entered Level 5 of the Realm of Zot
 77479 | Zot:5    | Noticed an ancient lich
 77506 | Zot:5    | Killed an ancient lich
 77689 | Zot:5    | Received a gift from Trog
 77728 | Zot:5    | Noticed an orb of fire
 77737 | Zot:5    | Noticed an ancient lich
 77743 | Zot:5    | Killed an orb of fire
 77761 | Zot:5    | Killed an ancient lich
 77974 | Zot:5    | Noticed an orb of fire
 77987 | Zot:5    | Killed an orb of fire
 78073 | Zot:5    | Noticed an orb of fire
 78081 | Zot:5    | Killed an orb of fire
 78443 | Zot:5    | Noticed an orb of fire
 78452 | Zot:5    | Noticed an ancient lich
 78453 | Zot:5    | Killed an orb of fire
 78458 | Zot:5    | Killed an ancient lich
 78480 | Zot:5    | Noticed an ancient lich
 78512 | Zot:5    | Killed an ancient lich
 78638 | Zot:5    | Got the Orb of Zot
 78966 | D:11     | Noticed Dosi the pandemonium lord
 78975 | D:11     | Killed Dosi the pandemonium lord
 78975 | D:11     | Reached skill level 27 in Fighting
 79190 | D:$      | Escaped with the Orb!

Action                   |  1- 3 |  4- 6 |  7- 9 | 10-12 | 13-15 | 16-18 | 19-21 | 22-24 | 25-27 || total
-------------------------+-------+-------+-------+-------+-------+-------+-------+-------+-------++-------
Melee: Falchion          |    50 |    71 |   212 |   392 |   739 |  1059 |  1320 |  1302 |   665 ||  5810
       Scimitar          |       |       |       |   136 |   250 |   154 |   119 |   136 |  1017 ||  1812
       Rapier            |       |       |       |     6 |     7 |       |       |       |       ||    13
       Demon blade       |       |       |       |   168 |   717 |       |       |       |       ||   885
       Dagger            |       |       |       |     9 |    13 |       |       |       |       ||    22
       Long sword        |       |       |       |       |       |    77 |       |       |       ||    77
       Double sword      |       |       |       |       |       |       |       |       |   150 ||   150
       Unarmed           |       |       |       |       |       |       |       |       |     1 ||     1
Invok: Berserk           |       |       |     5 |     4 |     4 |     3 |     5 |     2 |     7 ||    30
       Burn Spellbooks   |       |       |       |     2 |     6 |     6 |     6 |     8 |     5 ||    33
Evoke: Wand              |       |       |       |    13 |     6 |       |     3 |       |     1 ||    23
  Use: Potion            |     2 |     3 |       |     7 |     3 |     3 |    10 |     1 |     9 ||    38
       Scroll            |       |       |       |    17 |     9 |     3 |     5 |     6 |    18 ||    58
 Stab: Sleeping          |       |     1 |     1 |       |       |       |       |       |       ||     2
       Confused          |       |       |       |       |       |     3 |     2 |       |       ||     5
  Eat: Chunk             |       |     4 |    15 |    37 |    58 |    27 |    23 |    20 |     9 ||   193
       Bread ration      |       |     1 |     1 |     1 |       |       |       |     2 |     9 ||    14
       Fruit             |       |       |       |       |     4 |     8 |     8 |     4 |    16 ||    40
       Royal jelly       |       |       |       |       |     1 |       |     1 |       |       ||     2
       Beef jerky        |       |       |       |       |     1 |       |       |       |       ||     1
       Pizza             |       |       |       |       |       |     1 |       |       |       ||     1
       Meat ration       |       |       |       |       |       |       |       |       |     1 ||     1
